 Dungeon Crawl Stone Soup version 0.27.0-1-g7a089689b8 (webtiles) character file.

Game seed: 13176358443006768124

3778 horus123 the Thaumaturge (level 9, -1/47 HPs)
             Began as a Deep Elf Conjurer on Aug 15, 2021.
             Was a Follower of Sif Muna.
             Slain by a yak (7 damage)
             ... on level 9 of the Dungeon.
             The game lasted 00:19:12 (8910 turns).

horus123 the Thaumaturge (Deep Elf Conjurer)        Turns: 8910, Time: 00:19:13

Health: -1/47      AC:  8    Str:  6    XL:     9   Next: 95%
Magic:  18/26      EV: 10    Int: 31    God:    Sif Muna [*.....]
Gold:   254        SH:  0    Dex: 13    Spells: 17/31 levels left

rFire    + . .     SeeInvis +   q - staff of fire
rCold    . . .     Faith    +   (no shield)
rNeg     + + .     Spirit   .   a - +1 ring mail "Suni Jei" {rN+ Str+2 Int+4}
rPois    .         Reflect  .   r - +0 helmet
rElec    .         Harm     .   z - +0 cloak
rCorr    .         Rampage  .   (no gloves)
Will     .....                  (no boots)
Stlth    ++........             c - amulet of faith
HPRegen  0.15/turn              d - ring of positive energy
MPRegen  0.20/turn              s - ring of see invisible

@: no status effects
A: no striking features
a: Renounce Religion, Channel Magic


You were on level 9 of the Dungeon.
You worshipped Sif Muna.
Sif Muna was aware of your devotion.
You visited 2 branches of the dungeon, and saw 9 of its levels.

You collected 393 gold pieces.
You spent 139 gold pieces at shops.

Inventory:

Armour
 a - the +1 ring mail "Suni Jei" (worn) {rN+ Str+2 Int+4}
   (You found it on level 5 of the Dungeon)

   Str:       It affects your strength (+2).
   Int:       It affects your intelligence (+4).
   rN:        It protects you from negative energy.
 p - a +2 robe
 r - a +0 helmet (worn)
 z - a +0 cloak (worn)
Magical Staves
 o - a staff of poison
 q - a staff of fire (weapon)
Jewellery
 c - an amulet of faith (around neck)
 d - a ring of positive energy (left hand)
 m - a ring of protection from fire
 s - a ring of see invisible (right hand)
 t - an amulet of guardian spirit
Wands
 u - a wand of polymorph (16)
 y - a wand of paralysis (13)
 B - a wand of charming (3)
Scrolls
 f - 4 scrolls of noise
 n - a scroll of fog
 w - a scroll of torment
 A - a scroll of enchant weapon {unknown}
 D - a scroll of identify
Potions
 b - a potion of lignification {unknown}
 e - a potion of flight {unknown}
 g - 9 potions of curing {unknown}
 h - a potion of heal wounds
 i - 3 potions of haste
 j - a potion of ambrosia {unknown}
 k - a potion of mutation {unknown}
 l - 2 potions of might {unknown}
 v - 3 potions of degeneration {unknown}
 x - 2 potions of attraction {unknown}
 C - a potion of brilliance {unknown}


   Skills:
 + Level 1.2 Fighting
 + Level 3.0 Armour
 + Level 3.7 Dodging
 + Level 4.4 Stealth
 * Level 11.7 Spellcasting
 * Level 10.0 Conjurations
 * Level 5.6 Hexes
 * Level 1.8 Invocations


You had 17 spell levels left.
You knew the following spells:

 Your Spells              Type           Power      Damage    Failure   Level
a - Magic Dart            Conj           100%       1d8       1%          1
b - Searing Ray           Conj           100%       3d7       1%          2
c - Dazzling Flash        Conj/Hex       100%       N/A       1%          3
d - Fulminant Prism       Conj/Hex       30%        3d16      4%          4
e - Iskenderun's Mystic   Conj/Tloc      49%        2d11      13%         4

Your spell library contained the following spells:

 Spells                   Type           Power      Damage    Failure   Level
 Frozen Ramparts          Ice            36%        1d5       30%         3
 Ice Form                 Ice/Tmut       18%        N/A       69%         4
 Summon Ice Beast         Ice/Summ       18%        N/A       69%         4


Dungeon Overview and Level Annotations

Branches:
Dungeon (9/15)             Temple (1/1) D:7
   Lair: D:8-11         Orc: D:9-12

Altars:
Cheibriados
Elyvilon
Fedhas
Gozag
Hepliaklqana
Kikubaaqudgha
Makhleb
Nemelex Xobeh
Okawaru
Qazlal
Sif Muna
Trog
Uskayaw
Vehumet
Wu Jian
Yredelemnul
Zin
The Shining One

Shops:
D:2 (   D:4 [


Message History

You climb downwards.
The yak barely misses you. The yak closely misses you. The yak gores you!
There is a stone staircase leading up, spattered with blood here.
Casting: Searing Ray (safe; 1% risk of failure)
Confirm with . or Enter, or press ? or * to list all spells.
Aiming: Searing Ray (safe; 1% risk of failure)
Press: ? - help, Shift-Dir - straight line, f - yak
Aim: a yak (90% to hit)
The searing ray hits the yak!
The yak is heavily wounded. (Press . to maintain the ray.)
The yak closely misses you. The yak gores you.
The searing ray hits the yak!
The yak is severely wounded.
The yak barely misses you. The yak gores you!
The searing ray hits the yak!
The yak is almost dead.
The yak completely misses you. The yak gores you!
The searing ray hits the yak!
You kill the yak!
Sif Muna accepts your kill.
You finish channeling your searing ray.
The yak barely misses you.
Your Conjurations skill increases to level 10!
Casting: Searing Ray (safe; 1% risk of failure)
Confirm with . or Enter, or press ? or * to list all spells.
Aiming: Searing Ray (safe; 1% risk of failure)
Press: ? - help, Shift-Dir - straight line, f - yak
Aim: a yak (90% to hit)
The searing ray hits the yak!
The yak is moderately wounded. (Press . to maintain the ray.)
The yak gores you!
* * * LOW HITPOINT WARNING * * *
The searing ray hits the yak!
The yak is severely wounded.
The yak gores you but does no damage.
The searing ray hits the yak.
The yak is severely wounded.
The yak gores you!
You die...

......†...Y..##
........#####.######
.......## #......#
........#####...####
......Y...._...##
.......######..##
....... ##..#
....... #..######..
##†@Y......
#.........
#...###### ...##
....# ##...# ###..
##.


You could see a yak.

Vanquished Creatures
  Maurice (D:8)
  A komodo dragon (D:8)
  2 yaks (D:9)
  3 steam dragons (D:8)
  3 water moccasins (D:9)
  An orc warrior (D:8)
  An ice beast (D:8)
  3 black bears
  An ogre (D:5)
  2 centaurs
  A phantom (D:5)
  2 kobold brigands (D:7)
  4 bullfrogs
  A gnoll sergeant (D:8)
  A scorpion (D:3)
  A water moccasin zombie (D:5)
  4 killer bees
  5 wights (D:8)
  2 centaur zombies
  A bullfrog zombie (D:5)
  2 hounds
  3 orc priests
  An iguana (D:5)
  Terence (D:3)
  A killer bee zombie (D:8)
  A hound skeleton (D:5)
  Robin (D:3)
  4 adders
  A howler monkey skeleton (D:4)
  An adder skeleton (D:4)
  4 worms
  7 dart slugs
  8 orcs
  9 ball pythons
  6 endoplasms
  3 giant cockroaches
  14 goblins
  7 hobgoblins
  5 jackals (D:2)
  3 quokkas
  4 bats
  5 frilled lizards
  11 kobolds
  4 rats
146 creatures vanquished.

Vanquished Creatures (others)
  2 fulminant prisms
  27 fungi (D:9)
  34 plants (D:9)
63 creatures vanquished.

Grand Total: 209 creatures vanquished

Notes
Turn   | Place    | Note
-------+----------+-------------------------------------------
     0 | D:1      | horus123 the Deep Elf Conjurer began the quest for the Orb.
     0 | D:1      | Reached XP level 1. HP: 10/10 MP: 6/6
   218 | D:1      | Reached XP level 2. HP: 15/15 MP: 4/8
   301 | D:1      | Learned a level 2 spell: Searing Ray
   532 | D:1      | Reached skill level 5 in Conjurations
  1266 | D:2      | Found Leicuw's Antique Weapon Shop.
  1383 | D:2      | Reached XP level 3. HP: 19/19 MP: 5/9
  1387 | D:2      | Learned a level 3 spell: Dazzling Flash
  1991 | D:2      | Reached skill level 4 in Spellcasting
  2041 | D:2      | Found a faded altar of an unknown god.
  2213 | D:2      | Reached XP level 4. HP: 24/24 MP: 7/12
  2565 | D:3      | Noticed Terence
  2569 | D:3      | Killed Terence
  2732 | D:3      | Learned a level 4 spell: Fulminant Prism
  2833 | D:3      | Reached XP level 5. HP: 28/28 MP: 8/13
  3075 | D:3      | Reached skill level 1 in Hexes
  3180 | D:3      | Noticed Robin
  3191 | D:3      | Killed Robin
  3192 | D:3      | Reached skill level 5 in Spellcasting
  3618 | D:4      | Learned a level 4 spell: Iskenderun's Mystic Blast
  3637 | D:4      | Noticed a black bear
  3641 | D:4      | Killed a black bear
  3642 | D:4      | Reached XP level 6. HP: 32/32 MP: 9/16
  3800 | D:4      | Reached skill level 6 in Spellcasting
  3931 | D:4      | Found Kibun's Armour Shoppe.
  4097 | D:4      | Reached skill level 7 in Spellcasting
  4097 | D:4      | Reached XP level 7. HP: 33/37 MP: 11/19
  4216 | D:4      | Bought a +2 robe for 139 gold pieces
  4634 | D:5      | Entered Level 5 of the Dungeon
  4759 | D:5      | Identified the +1 ring mail "Suni Jei" {rN+ Str+2 Int+4}
  5183 | D:5      | Reached skill level 8 in Spellcasting
  5247 | D:5      | You fall into a shaft and drop 2 floors!
  5296 | D:7      | Found a staircase to the Ecumenical Temple.
  5309 | Temple   | Entered the Ecumenical Temple
  5346 | Temple   | Became a worshipper of Sif Muna the Loreminder
  5480 | D:7      | Reached skill level 1 in Armour
  5480 | D:7      | Reached XP level 8. HP: 9/42 MP: 8/22
  5484 | D:7      | HP: 2/42 [poisoned by a kobold brigand (curare-tipped
                  | dart)]
  5971 | D:7      | HP: 2/42 [poisoned by a kobold brigand]
  6659 | D:7      | Found an ornate altar of the Wu Jian Council.
  6955 | D:8      | Reached skill level 9 in Spellcasting
  7037 | D:8      | Noticed Maurice
  7047 | D:8      | Killed Maurice
  7048 | D:8      | Reached skill level 1 in Fighting
  7163 | D:8      | Reached skill level 10 in Spellcasting
  7284 | D:8      | Reached XP level 9. HP: 47/47 MP: 17/25
  7349 | D:8      | Noticed a komodo dragon
  7356 | D:8      | Killed a komodo dragon
  7776 | D:8      | Reached * piety under Sif Muna
  8046 | D:8      | Reached skill level 1 in Invocations
  8580 | D:9      | Found a white marble altar of Elyvilon.
  8585 | D:9      | Reached skill level 11 in Spellcasting
  8585 | D:9      | Reached skill level 5 in Hexes
  8908 | D:9      | Reached skill level 10 in Conjurations
  8910 | D:9      | Slain by a yak

Illustrated notes

Levels and vault maps discovered:
D:1:      psy_arrival_radial01, layout_basic, serial_glass, glass_columns_a,
          glass_columns_a, corexii_hall_statues_u, serial_bayou_lagoon_a
D:2:      layout_loops_corners, serial_shops, shop, basic_ecumenical_altar,
          minmay_pentomino_u2
D:3:      layout_rooms, uniq_robin, uniq_terence
D:4:      layout_rooms, serial_shops, shop, chequers_serial_rivers_large_b,
          minmay_strange_pillars, nrook_uturn
D:5:      layout_cave_pools, gammafunk_temple_overflow_wave, uniq_grinder
D:7:      layout_basic, nicolae_overflow_hidden_temple,
          minmay_temple_entry_trees, dk_noncrumbling_2
D:8:      layout_basic, enter_bailey_3, minmay_puff, uniq_maurice
D:9:      layout_layer_cave, overflow_temple_1_default,
          mainiacjoe_overflow_six_doors_small,
          nicolae_dithmenos_through_a_glass_darkly, due_lair_maze_entry_diamond
Temple:   nicolae_temple_elliptical

Skill      XL: |  1  2  3  4  5  6  7  8  9 |
---------------+----------------------------+-----
Conjurations   | 5 6 7 8 10 | 10.0
Spellcasting   | 4 5 7 8 10 11 | 11.7
Stealth        | 3 4 |  4.4
Hexes          | 1 3 4 5 |  5.6
Armour         | 1 2 3 |  3.0
Dodging        | 3 |  3.7
Fighting       | 1 |  1.2
Invocations    | 1 |  1.8

Action                   |  1- 3 |  4- 6 |  7- 9 || total
-------------------------+-------+-------+-------++-------
Melee: Staff             |       |       |     1 ||     1
 Cast: Magic Dart        |    90 |   103 |   125 ||   318
       Searing Ray       |       |     4 |    48 ||    52
       Fulminant Prism   |       |     1 |     1 ||     2
  Use: Scroll            |     2 |       |     6 ||     8
       Potion            |       |       |     1 ||     1
Armor: Robe              |       |     3 |     2 ||     5
       Ring mail         |       |       |    40 ||    40
Dodge: Dodged            |     4 |    10 |    60 ||    74
